Map: Ultralove

Players

ManlyManMeat

  • Race: Zerg Zerg
  • League: Diamond
  • Spawn Location: 7:00

BRRRZZZ - Winner!

  • Race: Protoss Protoss
  • League: Diamond
  • Spawn Location: 1:00

VOD

Have the link to the VOD?

Description

Time

  • Played on: July 2, 2025, 9:43 a.m.
  • Length: 5:45
Show
View Real Time Build Order
Export as new Build Order

ManlyManMeat Zerg 

Build Orders: Hatch First 

Get SALT Encoding   

  12  0:00  Drone  
  13  0:08  Drone  
  13  0:13  Extractor  
  13  0:15  Drone  
  15  0:22  Overlord  
  15  0:40  Drone  
  16  0:47  Hatchery  
  15  0:50  Drone  
  15  0:54  Drone  
  17  1:01  Drone  
  18  1:14  Extractor, Spawning Pool  
  18  1:17  Drone  
  17  1:21  Drone  
  18  1:26  Drone  
  19  1:37  Overlord  
  19  1:47  Drone  
  20  2:02  Queen x2  
  20  2:03  Zergling x2  
  20  2:08  Zergling x2  
  26  2:12  Drone  
  26  2:14  Drone  
  28  2:20  Metabolic Boost  
  28  2:30  Drone x2  
  28  2:36  Drone x2  
  32  2:48  Hatchery  
  32  2:50  Drone  
  32  2:51  Drone  
  33  3:02  Queen  
  33  3:04  Zergling x2  
  33  3:05  Overlord  
  36  3:14  Overlord x2  
  35  3:28  Drone  
  35  3:29  Drone x4  
  35  3:30  Overlord  
  40  3:45  Queen  
  42  3:49  Spore Crawler  
  42  3:51  Spore Crawler  
  42  3:53  Drone x3  
  43  3:56  Extractor  
  43  3:59  Drone x2  
  44  4:04  Queen  
  46  4:11  Drone x3  
  46  4:12  Drone  
  50  4:24  Evolution Chamber  
  49  4:35  Zergling x2  
  49  4:36  Zergling x14  
  49  4:37  Zergling x4  
  59  4:41  Baneling Nest  
  58  4:56  Roach Warren  
  58  4:59  Drone x3  
  60  5:02  Overlord x3  
Show
View Real Time Build Order
Export as new Build Order

BRRRZZZ Protoss - Winner!

Build Orders: 1 Gate Expand, Dark Templar Rush 

Get SALT Encoding   

  12  0:00  Probe  
  13  0:12  Probe  
  14  0:20  Pylon  
  14  0:24  Probe  
  15  0:35  Probe  
  15  0:41  Gateway  
  16  0:43  Probe  
  16  0:48  Assimilator  
  17  0:53  Probe  
  18  1:05  Probe  
  19  1:17  Probe  
  20  1:24  Nexus  
  20  1:35  Cybernetics Core  
  20  1:42  Probe  
  20  1:46  Assimilator  
  21  1:50  Pylon  
  21  1:54  Probe  
  22  2:01  Adept  
  22  2:06  Probe  
  23  2:12  Warp Gate  
  25  2:18  Probe  
  26  2:23  Stalker  
  26  2:28  Twilight Council  
  26  2:30  Probe  
  26  2:35  Probe  
  29  2:42  Probe  
  29  2:43  Probe  
  32  2:52  Probe  
  33  3:04  Probe  
  33  3:05  Probe  
  34  3:16  Probe  
  34  3:17  Probe, Robotics Facility  
  36  3:26  Dark Shrine, Gateway  
  36  3:28  Probe  
  36  3:29  Probe  
  38  3:40  Probe  
  38  3:41  Probe  
  40  3:44  Gateway  
  40  3:47  Gateway  
  40  3:52  Pylon  
  40  3:53  Probe x2  
  40  3:54  Warp Prism  
  42  4:00  Adept  
  46  4:10  Probe x2  
  46  4:12  Assimilator  
  46  4:14  Assimilator  
  46  4:16  Pylon  
  48  4:22  Probe  
  49  4:25  Probe  
  50  4:34  Probe  
  50  4:36  Pylon  
  51  4:38  Probe  
  52  4:46  Probe  
  52  4:47  Stalker x2  
  53  4:54  Dark Templar x4  
  61  5:04  Pylon  
  61  5:19  Gateway  
  61  5:21  Gateway  
  61  5:22  Pylon  
  61  5:40  Dark Templar x3  
Tags
 
Add a new tag
Caveats
  • Supply blocks, unpowered buildings, or Contaminate may cause inaccurate times.
  • Supply counts are checked every 10 seconds.